 Seeded DCSS version 0.30.1-4-g462c640d31 (webtiles) character file.

Game seed: 16653573533833982129 (custom seed)

14 Psyclone the Stinger (level 2, 17/17 HPs)
             Began as an Octopode Venom Mage on Sept 18, 2023.
             Quit the game on level 1 of the Dungeon.
             The game lasted 00:02:41 (371 turns).

Psyclone the Stinger (Octopode Venom Mage)           Turns: 371, Time: 00:02:41

Health: 17/17      AC:  1    Str:  7    XL:     2   Next: 41%
Magic:  5/5        EV: 13    Int: 23    God:
Gold:   38         SH:  0    Dex: 12    Spells: 4/5 levels left

rFire   . . .        f - +0 dagger
rCold   . . .        (no shield)
rNeg    . . .        (helmet restricted)
rPois   .            h - amulet of the acrobat
rElec   .            g - +6 ring of intelligence
rCorr   .            (no ring)
SInv    .            (no ring)
Will    .....        (no ring)
Stlth   +++          (no ring)
HPRegen 0.22/turn    (no ring)
MPRegen 0.09/turn    (no ring)
                     (no ring)

%: acrobat
@: no status effects
A: almost no armour, amphibious, 8 rings, camouflage 1, gelatinous body 1,
(nimble swimmer 1), tentacles
a: no special abilities


You were on level 1 of the Dungeon.
You visited 1 branch of the dungeon, and saw 1 of its levels.

You collected 38 gold pieces.

Inventory:

Hand Weapons
 f - a +0 dagger (weapon)
Missiles
 j - 5 poisoned darts
Jewellery
 g - a +6 ring of intelligence (left tentacle)
 h - an amulet of the acrobat (around mantle)
Scrolls
 b - a scroll of amnesia {unknown}
 d - a scroll of butterflies {unknown}
 i - 3 scrolls of identify {unknown}
 k - a scroll of magic mapping {unknown}
Potions
 a - a potion of magic
 c - a potion of ambrosia {unknown}
 e - a potion of attraction {unknown}


   Skills:
 - Level 2.0 Dodging
 - Level 2.6 Stealth
 - Level 2.0 Spellcasting
 - Level 1.0 Transmutations
 + Level 4.5 Poison Magic


You had 4 spell levels left.
You knew the following spells:

 Your Spells              Type           Power      Damage    Failure   Level
a - Sting                 Tmut/Pois      60%        1d6       4%          1

Your spell library contained the following spells:

 Spells                   Type           Power      Damage    Failure   Level
 Poisonous Vapours        Pois/Air       24%        N/A       8%          2
 Sublimation of Blood     Necr           2%         N/A       19%         2
 Olgreb's Toxic Radiance  Pois           23%        N/A       19%         4
 Mephitic Cloud           Conj/Pois/Air  9%         N/A       21%         3
 Petrify                  Tmut/Erth      4%         N/A       71%         4
 Irradiate                Conj/Tmut      2%         3d12      96%         5


Dungeon Overview and Level Annotations

Branches:
Dungeon (1/15) Zot: 5630

Altars:


Innate Abilities, Weirdness & Mutations

You cannot wear most types of armour.
You are amphibious.
You can wear up to eight rings at the same time.
Your skin changes colour to match your surroundings (Stealth+).
Your rubbery body absorbs attacks. (AC +1, EV +1)
((You are camouflaged when in or above water. (Stealth+)))
You have tentacles for arms and can constrict up to eight enemies at once.


Message History

Found a scroll labelled NAUGYA MENA and a thick pearl amulet.
You now have 26 gold pieces (gained 12).
h - an amulet of the acrobat
i - a scroll labelled NAUGYA MENA MP restored: 5 You start putting on your amulet.
You continue putting on your amulet of the acrobat. x5
You finish putting on your amulet of the acrobat.
You feel ready to tumble and roll out of harm's way.
h - an amulet of the acrobat (around mantle)
Items here: (( ) †.
Health restored: 17 You see here a staff of death.
Items here: (( ) †.
j - 5 poisoned darts You see here a staff of death.
You see here a ball python corpse.
You see here a +0 dagger.
You now have 38 gold pieces (gained 12).
i - 2 scrolls labelled NAUGYA MENA (gained 1)
Found a leather armour.
Found a scroll labelled NAUGYA MENA.
i - 3 scrolls labelled NAUGYA MENA (gained 1)
A frilled lizard comes into view.
Found a stone staircase leading down.
The helpless frilled lizard fails to defend itself.
You puncture the frilled lizard!
You kill the frilled lizard!
Found a scroll labelled PISE GEWUXO.
k - a scroll labelled PISE GEWUXO An endoplasm comes into view.
Found a scroll labelled MENONA FYMA.
l - a scroll labelled MENONA FYMA This is a scroll of acquirement!
You see here a book of Alchemy.
Something appears before you!
You pick up a book of Alchemy and begin reading...
You add the spells Sublimation of Blood, Petrify and Irradiate to your library.
Okay, then.
Unknown command.
Are you sure you want to abandon this character and quit the game? (Confirm with "yes".)

###########
#.....@...#
#.#######.#
J.......^#
.#######.#######
#.......#
#.#####.# #.#
#.# #.# #.# #.#
#.#


There were no monsters in sight!

Vanquished Creatures
  An endoplasm (D:1)
  A hobgoblin (D:1)
  4 jackals (D:1)
  2 ball pythons (D:1)
  A bat (D:1)
  A frilled lizard (D:1)
  2 goblins (D:1)
  A kobold (D:1)
  A rat (D:1)
14 creatures vanquished.

Notes
Turn   | Place    | Note
-------+----------+-------------------------------------------
     0 | D:1      | Psyclone the Octopode Venom Mage began the quest for the
                  | Orb.
     0 | D:1      | Reached XP level 1. HP: 11/11 MP: 3/3
    32 | D:1      | Reached skill level 4 in Poison Magic
    94 | D:1      | Reached XP level 2. HP: 17/17 MP: 3/5
   369 | D:1      | Identified a scroll of acquirement
   369 | D:1      | Acquired a book of Alchemy
   371 | D:1      | Quit the game

Illustrated notes

Levels and vault maps discovered:
D:1:      dpeg_arrival_tiny_k, layout_loops_ring, minmay_hexomino_c4

Skill      XL: |  1 |
---------------+----+-----
Poison Magic   | 4 |  4.5
Dodging        | |  2.0
Stealth        | |  2.6
Spellcasting   | |  2.0
Transmutations | |  1.0

Action                     || total
---------------------------++-------
  Melee: Unarmed           ||     8
         Tentacles         ||     7
         Constrict         ||    10
         Dagger            ||    24
   Cast: Sting             ||    10
    Use: Scroll            ||     1
   Stab: Sleeping          ||     1
 Armour: Skin              ||     4
  Dodge: Dodged            ||    22
